 Dungeon Crawl Stone Soup version 0.24-a0-812-ga050431 (webtiles) character file.

Game seed: 130540243699730783, levelgen mode: deterministic

51 2tousent the Chopper (level 3, -28/31 HPs)
             Began as a Hill Orc Monk on Oct 11, 2019.
             Annihilated by an ogre
             ... wielding a +0 giant club
              (30 damage)
             ... on level 2 of the Dungeon.
             The game lasted 00:02:39 (1105 turns).

2tousent the Chopper (Hill Orc Monk)                Turns: 1105, Time: 00:02:40

Health: -28/31     AC:  8    Str: 14    XL:     3   Next: 83%
Magic:  3/3        EV:  6    Int: 10    God:
Gold:   88         SH:  0    Dex: 13    Spells: 2/2 levels left

rFire    . . .     SeeInvis .   a - +0 hand axe
rCold    . . .     Gourm    .   (no shield)
rNeg     . . .     Faith    .   e - +0 chain mail
rPois    .         Spirit   .   (no helmet)
rElec    .         Reflect  .   (no cloak)
rCorr    .         Harm     .   (no gloves)
MR       .....                  (no boots)
Stlth    ..........             (no amulet)
HPRegen  0.10/turn              (no ring)
MPRegen  0.08/turn              (no ring)

@: no status effects
A: no striking features
a: no special abilities


You were on level 2 of the Dungeon.
You were not hungry.

You visited 1 branch of the dungeon, and saw 2 of its levels.

You collected 88 gold pieces.

Inventory:

Hand Weapons
 a - a +0 hand axe (weapon)
Missiles
 f - 4 javelins (quivered)
Armour
 b - a +0 robe
 e - a +0 chain mail (worn)
Scrolls
 h - a scroll of remove curse {unknown}
 k - a scroll of enchant weapon {unknown}
Potions
 d - a potion of curing
 i - 2 potions of brilliance
 j - a potion of heal wounds
Comestibles
 c - 2 rations
 g - 2 chunks of flesh


   Skills:
 - Level 3.6 Fighting
 * Level 6.2 Axes
 - Level 2.4 Dodging
 - Level 1.5 Stealth


You had 2 spell levels left.
You didn't know any spells.
Your spell library was empty.

Dungeon Overview and Level Annotations

Branches:
Dungeon (2/15)

Altars:


Message History

Items here: ( )) † a +2 vampiric dagger; a +0 hunting sling; 13 stones; a goblin corpse
k - a scroll labeled BAATENL FIERIPT You see here a stone.
An ogre comes into view. It is wielding a +0 giant club.
The ogre shouts!
An ogre is nearby!
You hit the ogre.
The ogre is lightly wounded.
The ogre hits you with a +0 giant club!!
Ouch! That really hurt!
You hit the ogre.
The ogre is heavily wounded.
The ogre hits you with a +0 giant club!
* * * LOW HITPOINT WARNING * * *
You hit the ogre but do no damage.
The ogre is heavily wounded.
The ogre hits you with a +0 giant club!!
Ouch! That really hurt!
You die...

######............#...#(
#.................# #.#
#.......(().......# #
#......#(#†.....###
####......#.#......#
............#......#
###.##.#####......####
#.##.# #.........#
.######.##.# #@.$...##..
...........#...O.....##
. .#######.###.###..####
#..# .#..#
#######.####.....
#....##..........#
###....##...........
.##....##...##.......
.##....##....# ....


You could see an ogre.

Vanquished Creatures
  An adder (D:2)
  An ooze (D:1)
  A worm (D:2)
  A dart slug (D:1)
  2 leopard geckos (D:1)
  4 bats
  3 giant cockroaches
  6 goblins
  2 hobgoblins (D:1)
  4 frilled lizards
  5 kobolds
  2 rats (D:1)
32 creatures vanquished.

Notes
Turn   | Place    | Note
-------+----------+-------------------------------------------
     0 | D:1      | 2tousent the Hill Orc Monk began the quest for the Orb.
     0 | D:1      | Reached XP level 1. HP: 19/19 MP: 1/1
    95 | D:1      | Reached XP level 2. HP: 25/26 MP: 2/2
   131 | D:1      | Reached skill level 5 in Axes
   577 | D:1      | Reached XP level 3. HP: 29/31 MP: 3/3
  1034 | D:2      | Reached skill level 6 in Axes
  1100 | D:2      | Noticed an ogre
  1105 | D:2      | Annihilated by an ogre

Levels and vault maps discovered:
D:1:      giann_wishing_wells, layout_basic
D:2:      minmay_skewed_foursquare, layout_basic

Skill      XL: |  1  2  3 |
---------------+----------+-----
Axes           | 5 6 |  6.2
Fighting       | |  3.6
Dodging        | |  2.4
Stealth        | |  1.5

Action                   || total
-------------------------++-------
Melee: Hand axe          ||   108
  Use: Scroll            ||     5
  Eat: Chunk             ||     1
Armor: Robe              ||     4
       Chain mail        ||    76
Dodge: Dodged            ||    38

Table legend:
 A = Non-vault XP
 B = Vault XP
 C = Vault XP percentage of total XP
 D = Non-vault monster count
 E = Vault monster count
 F = Vault count percentage of total count
                 A         B        C        D         E       F
            +---------+---------+-------+---------+---------+-------
      Total |      74 |       0 |   0.0 |      32 |       0 |   0.0
            +---------+---------+-------+---------+---------+-------
        D:1 |      41 |       0 |   0.0 |      20 |       0 |   0.0
        D:2 |      33 |       0 |   0.0 |      12 |       0 |   0.0
            +---------+---------+-------+---------+---------+-------
